 Dungeon Crawl Stone Soup version 0.19-a0-722-g27ac516 (webtiles) character file.

765 Gagarin the Skirmisher (level 7, -4/76 HPs)
             Began as an Ogre Berserker on June 21, 2016.
             Was a Believer of Trog.
             Slain by Blork the orc
             ... wielding a +2 antimagic hand axe
              (10 damage)
             ... on level 4 of the Dungeon.
             The game lasted 00:11:04 (5359 turns).

Gagarin the Skirmisher (Ogre Berserker)             Turns: 5359, Time: 00:11:05

Health: -4/76      AC:  6    Str: 25    XL:     7   Next: 81%
Magic:  0/7        EV: 13    Int:  6    God:    Trog [**....]
Gold:   179        SH:  0    Dex: 15    Spells: 0 memorised, 6 levels left

rFire  . . .     SeeInvis .     v - +0 giant spiked club
rCold  . . .     Gourm    .     b - +0 animal skin
rNeg   . . .     Faith    .     (shield currently unavailable)
rPois  .         Spirit   .     (helmet restricted)
rElec  .         Dismiss  .     j - +2 cloak
rCorr  .         Reflect  .     (gloves unavailable)
SustAt .         Harm     .     (boots unavailable)
MR     ++...                    (no amulet)
Stlth  ++........               (no ring)
                                p - +6 ring of dexterity (curse)

@: starving, regenerating, very resistant to hostile enchantments, unstealthy
A: unfitting armour, tough skin 1
a: Berserk, Trog's Hand, Burn Spellbooks, Renounce Religion


You were on level 4 of the Dungeon.
You worshipped Trog.
Trog was pleased with you.
You were starving.

You visited 1 branch of the dungeon, and saw 4 of its levels.

You collected 179 gold pieces.

Inventory:

Hand Weapons
 a - a +0 mace
 l - a +0 mace of draining
 v - a +0 giant spiked club (weapon)
 w - a +0 blowgun
 z - a cursed -3 flail
Missiles
 A - 6 tomahawks (quivered)
Armour
 b - a +0 animal skin (worn)
 j - a +2 cloak (worn)
Jewellery
 p - a cursed +6 ring of dexterity (left hand)
Wands
 k - a wand of disintegration (20/24)
Scrolls
 e - a scroll of teleportation {unknown}
 g - 3 scrolls of identify
 i - a scroll of blinking {unknown}
 n - a scroll of fear {unknown}
 s - a scroll of remove curse {unknown}
 x - a scroll of recharging {unknown}
 y - a scroll of fog {unknown}
Potions
 d - a potion of invisibility {unknown}
 h - 2 potions of mutation {unknown}
 m - a potion of flight {unknown}
 o - 2 potions of degeneration {unknown}
 q - 2 potions of resistance
 r - 2 potions of might
 t - 2 potions of curing {unknown}
 u - a potion of agility {unknown}
 B - a potion of lignification {unknown}
Comestibles
 c - a bread ration
 f - a beef jerky


   Skills:
 + Level 6.3 Fighting
 + Level 6.1 Maces & Flails
 + Level 6.3 Dodging
 + Level 1.5 Stealth


You had 6 spell levels left.
You didn't know any spells.

Dungeon Overview and Level Annotations

Branches:
Dungeon (4/15)
 Temple: D:4-7

Altars:
Gozag
Pakellas
Uskayaw
Zin

Shops:
D:4 =

Annotations:
D:4 Blork the orc


Innate Abilities, Weirdness & Mutations

You are too large for most types of armour.
You have tough skin. (AC +1)


Message History

The puff of flame hits you!
* * * LOW HITPOINT WARNING * * *
Something hits you.
* * * LOW HITPOINT WARNING * * *
You closely miss something. Something completely misses you.
Something barely misses you.
You closely miss something. Something hits you.
* * * LOW HITPOINT WARNING * * *
You feel your power leaking away. Something hits you.
* * * LOW HITPOINT WARNING * * *
You miss something. Something hits you!
* * * LOW HITPOINT WARNING * * *
You hear some strange, mumbled words.
A puff of flame appears from out of thin air!
The puff of flame misses you. Something hits you but does no damage.
You closely miss something. Something hits you!
* * * LOW HITPOINT WARNING * * *
Something hits you!
You die...

######...∩≈≈................#...#
)....[.≈≈≈≈≈................#...#
########≈≈≈#####............#....
##.#.................##...
#.#(##..............###..
#.#.##..............####. #..
##..............##.##
##+###.....#######.......
#....@..# #..[.... #...{####
#.[..... ....... #.[..... .......
#....... ....... #....... .......
#....... ....... ######## .......
### #..


There were no monsters in sight!

Vanquished Creatures
  Menkaure (D:4)
  A water moccasin (D:3)
  2 ogres (D:4)
  A howler monkey (D:4)
  A hound (D:3)
  Ijyb (D:3)
  An orc wizard (D:4)
  A worker ant (D:4)
  Terence (D:3)
  A killer bee zombie (D:4)
  3 gnolls (D:3)
  6 adders
  2 oozes
  An adder skeleton (D:4)
  A worm (D:2)
  A dart slug (D:3)
  3 giant geckos
  10 orcs (D:4)
  9 bats
  2 giant cockroaches
  5 goblins
  3 hobgoblins
  2 quokkas
  A ball python skeleton (D:4)
  A giant newt (D:4)
  9 kobolds
  6 rats
76 creatures vanquished.

Notes
Turn   | Place    | Note
--------------------------------------------------------------
     0 | D:1      | Gagarin the Ogre Berserker began the quest for the Orb.
     0 | D:1      | Reached XP level 1. HP: 24/24 MP: 1/1
   266 | D:1      | Reached XP level 2. HP: 28/32 MP: 2/2
  1219 | D:2      | Reached XP level 3. HP: 18/40 MP: 3/3
  1253 | D:2      | HP: 2/40 [poisoned by an adder]
  2023 | D:2      | Found an opulent altar of Gozag.
  2087 | D:2      | Noticed a dagger
  2088 | D:2      | Noticed a dagger
  2088 | D:2      | Found a hide-covered altar of Uskayaw.
  2384 | D:3      | Noticed Ijyb
  2396 | D:3      | Killed Ijyb
  2396 | D:3      | Reached XP level 4. HP: 49/49 MP: 4/4
  2493 | D:3      | Noticed a water moccasin
  2498 | D:3      | Killed a water moccasin
  2498 | D:3      | Reached skill level 5 in Fighting
  2498 | D:3      | Reached skill level 5 in Maces & Flails
  2498 | D:3      | Reached skill level 1 in Stealth
  2498 | D:3      | Reached XP level 5. HP: 57/57 MP: 5/5
  2506 | D:3      | Reached ** piety under Trog
  2729 | D:3      | Found an oddly glowing altar of Pakellas.
  2929 | D:3      | HP: 3/85 [adder (1)]
  2931 | D:3      | Reached XP level 6. HP: 4/66 MP: 6/6
  2938 | D:3      | HP: 3/66 [poisoned by an adder]
  3694 | D:3      | Noticed Terence
  3699 | D:3      | Killed Terence
  4017 | D:4      | Reached skill level 5 in Dodging
  4225 | D:4      | Reached XP level 7. HP: 74/74 MP: 7/7
  4928 | D:4      | Noticed Menkaure
  4933 | D:4      | Killed Menkaure
  5205 | D:4      | Found a glowing silver altar of Zin.
  5260 | D:4      | Found Bedgh's Jewellery Shop.
  5339 | D:4      | Noticed Blork the orc
  5359 | D:4      | Slain by Blork the orc

Vault maps used:
D:1:      erik_arrival_cave_to_civilisation, minmay_misc_feat_ornament
D:2:      dancing_weapons_uskayaw, minmay_misc_feat_rows, lemuel_statue_altar
D:3:      first_bread, grunt_pakellas_basics, uniq_terence, uniq_iyjb
D:4:      lemuel_doored_altar, serial_shops, shop, shop, kennysheep_mini, shop,
          nicolae_shop_waterfront, nrook_uturn, uniq_menkaure,
          uniq_blork_the_orc

Skill      XL: |  1  2  3  4  5  6  7 |
---------------+----------------------+-----
Dodging        | 3 4 5 6 |  6.3
Fighting       | 5 6 |  6.3
Maces & Flails | 5 6 |  6.1
Stealth        | 1 |  1.5

Action                   |  1- 3 |  4- 6 |  7- 9 || total
-------------------------+-------+-------+-------++-------
Melee: Mace              |   107 |   101 |       ||   208
       Giant spiked club |       |    11 |    63 ||    74
Invok: Berserk           |     1 |     7 |     1 ||     9
       Trog's Hand       |       |     1 |     2 ||     3
  Use: Scroll            |       |     3 |       ||     3
 Stab: Sleeping          |     1 |       |     1 ||     2
  Eat: Chunk             |     5 |     7 |     4 ||    16
       Bread ration      |       |     1 |       ||     1
       Pizza             |       |     1 |       ||     1
Armor: Animal skin       |    43 |    25 |    49 ||   117
Dodge: Dodged            |    57 |   102 |    94 ||   253
